 Dungeon Crawl Stone Soup version 0.29-a0-653-gd47aff6735 (webtiles) character file.

Game seed: 3720229019595604841

191167 Shayle the Fighter (level 18, -3/117 HPs)
             Began as a Tengu Brigand on June 17, 2022.
             Was a Believer of Ashenzari.
             Killed from afar by an ironbound frostheart (30 damage)
             ... by creeping frost
             ... led by a vault warden
             ... on level 1 of the Vaults on June 21, 2022.
             The game lasted 04:13:26 (53222 turns).

Shayle the Fighter (Tengu Brigand)                 Turns: 53222, Time: 04:13:27

Health: -3/117     AC: 22    Str: 13    XL:     18   Next: 19%
Magic:  4/36       EV: 33    Int: 17    God:    Ashenzari [**....]
Gold:   2422       SH:  5    Dex: 17    Spells: 17/43 levels left

rFire   + . .      SeeInvis +   s - +8 quick blade (elec)
rCold   + . .      Faith    .   D - +0 buckler
rNeg    + . .      Spirit   .   p - +4 ring mail {rF+}
rPois   +          Reflect  .   w - +2 hat of the Wild Blue Yonder {Elem, Self} (curse)
rElec   .          Harm     .   E - +2 cloak "Gaze Upon Infinity" {Self, Bglg} (curse)
rCorr   .          Rampage  .   B - +1 pair of gloves "Vaantiuj" {rC+ rN+ Will+}
Will    ++...                   (boots unavailable)
Stlth   +++.......              d - amulet of the acrobat
HPRegen 0.29/turn               n - ring of Ashenzari's Mysticism {AC+4, Comp, Alch} (curse)
MPRegen 0.25/turn               c - ring of poison resistance

@: about to teleport, acrobatic, flying quickly and evasively, invisible, quick
A: beak, talons 3, nimble flight
}: 1/15 runes: gossamer
a: Renounce Religion, Curse Item, Shatter the Chains


You were on level 1 of the Vaults.
You worshipped Ashenzari.
Ashenzari was pleased with you.
You visited 6 branches of the dungeon, and saw 29 of its levels.
You also visited: Bailey.

You collected 3094 gold pieces.
You spent 672 gold pieces at shops.

Inventory:

Hand Weapons
 a - the +6 war axe of Disintegration {elec, Int+3}
   (You found it on level 11 of the Dungeon)

   It occasionally discharges a powerful burst of electricity upon striking a
   foe.
   Int:       It affects your intelligence (+3).
 r - a +5 scimitar of flaming
 s - a +8 quick blade of electrocution (weapon)
Missiles
 e - 6 curare-tipped darts (quivered)
 g - 5 datura-tipped darts
 q - 4 silver javelins
 z - 4 throwing nets
 A - 3 silver boomerangs
Armour
 p - a +4 ring mail of fire resistance (worn)
 w - the cursed +2 hat of the Wild Blue Yonder (worn) {Elem, Self}
   (You found it on level 5 of the Dungeon)

   It has a curse which improves the following skills: Elements: Fire Magic, Ice
   Magic, Air Magic and Earth Magic.
   Introspection: Fighting and Spellcasting.
 B - the +1 pair of gloves "Vaantiuj" (worn) {rC+ rN+ Will+}
   (You found it on level 4 of the Spider Nest)

   rC:        It protects you from cold.
   rN:        It protects you from negative energy.
   Will:      It increases your willpower.
 D - a +0 buckler (worn)
 E - the cursed +2 cloak "Gaze Upon Infinity" (worn) {Self, Bglg}
   (You found it on level 5 of the Dungeon)

   It has a curse which improves the following skills: Introspection: Fighting
   and Spellcasting.
   Beguiling: Conjurations, Hexes and Translocations.
 J - a +1 pair of gloves
 K - the +1 pair of gloves "Mymammes" {+Blink rCorr Str+3}
   (You found it on level 4 of the Spider Nest)

   Str:       It affects your strength (+3).
   +Blink:    It lets you blink.
   rCorr:     It protects you from acid and corrosion.
 X - a +4 ring mail of poison resistance
Jewellery
 c - a ring of poison resistance (right hand)
 d - an amulet of the acrobat (around neck)
 n - the cursed ring of Ashenzari's Mysticism (left hand) {AC+4, Comp, Alch}
   (You found it on level 2 of the Dungeon)

   [ring of protection]

   AC:        It affects your AC (+4).
   It has a curse which improves the following skills: Companions: Summonings
   and Necromancy.
   Alchemy:   Poison Magic and Transmutations.
 T - a ring of wizardry
Wands
 j - a wand of mindburst (8)
 t - a wand of digging (4)
 u - a wand of charming (25)
 x - a wand of iceblast (13)
 I - a wand of flame (35)
Scrolls
 f - 9 scrolls of teleportation
 i - 5 scrolls of amnesia
 C - 8 scrolls of fog
 H - 3 scrolls of magic mapping
 U - 2 scrolls of blinking
 W - 5 scrolls of poison
Potions
 b - 3 potions of curing
 h - 2 potions of resistance
 k - 9 potions of brilliance
 l - 3 potions of might
 m - 5 potions of lignification
 o - 9 potions of ambrosia
 v - 5 potions of mutation
 F - a potion of berserk rage
 M - a potion of magic
 S - a potion of cancellation


   Skills:
 - Level 12.6(14.4) Fighting
 - Level 2.1 Short Blades
 - Level 2.0 Throwing
 - Level 9.3 Armour
 - Level 10.0 Dodging
 - Level 6.0 Stealth
 - Level 4.4 Shields
 - Level 11.2(13.1) Spellcasting
 - Level 10.6(11.8) Conjurations
 + Level 10.7(11.9) Transmutations
 + Level 8.5(9.8) Fire Magic
 - Level 5.4(6.6) Ice Magic
 - Level 10.5(11.7) Air Magic
 - Level 7.7(9.0) Earth Magic
 + Level 11.5(12.7) Poison Magic


You had 17 spell levels left.
You knew the following spells:

 Your Spells              Type           Power      Damage    Failure   Level
a - Mephitic Cloud        Conj/Pois/Air  51%        N/A       1%          3
b - Stone Arrow           Conj/Erth      92%        3d12      1%          3
c - Scorch                Fire           88%        2d9       1%          2
d - Ignite Poison         Fire/Tmut/Pois 50%        N/A       1%          3
e - Olgreb's Toxic Radia  Pois           53%        N/A       1%          4
f - Freezing Cloud        Conj/Ice/Air   22%        6-21      7%          5
g - Eringya's Noxious Bo  Tmut/Pois      26%        N/A       14%         6

Your spell library contained the following spells:

 Spells                   Type           Power      Damage    Failure   Level
 Foxfire                  Conj/Fire      100%       2x1d9     1%          1
 Magic Dart               Conj           100%       1d8       1%          1
 Sandblast                Erth           82%        2d17      1%          1
 Sting                    Tmut/Pois      100%       1d8       1%          1
 Passwall                 Tmut/Erth      38%        N/A       1%          2
 Poisonous Vapours        Pois/Air       100%       N/A       1%          2
 Conjure Flame            Conj/Fire      48%        6-21      1%          3
 Spider Form              Tmut/Pois      52%        N/A       1%          3
 Flame Wave               Conj/Fire      48%        2d10      1%          4
 Sticky Flame             Conj/Fire      48%        2d7       1%          4
 Dazzling Flash           Conj/Hex       62%        N/A       3%          3
 Hailstorm                Conj/Ice       42%        3d10      3%          4
 Ice Form                 Ice/Tmut       42%        N/A       3%          4
 Blade Hands              Tmut           25%        N/A       3%          5
 Ensorcelled Hibernation  Hex/Ice        44%        N/A       5%          2
 Corpse Rot               Necr/Pois/Air  39%        N/A       5%          4
 Inner Flame              Hex/Fire       28%        N/A       6%          3
 Summon Lightning Spire   Summ/Air       31%        N/A       13%         4
 Slow                     Hex            44%        N/A       14%         1
 Summon Small Mammal      Summ           44%        N/A       14%         1
 Conjure Ball Lightning   Conj/Air       25%        3x3d7     19%         6
 Call Imp                 Summ           11%        N/A       22%         2
 Starburst                Conj/Fire      24%        6d8       26%         6
 Yara's Violent Unravell  Hex/Tmut       15%        3d8       34%         5
 Summon Ice Beast         Ice/Summ       22%        N/A       36%         4
 Call Canine Familiar     Summ           11%        N/A       41%         3
 Confusing Touch          Hex            11%        N/A       41%         3
 Portal Projectile        Hex/Tloc       22%        N/A       41%         3
 Summon Guardian Golem    Hex/Summ       11%        N/A       41%         3
 Tukima's Dance           Hex            11%        N/A       41%         3
 Vampiric Draining        Necr           11%        2d6       41%         3
 Storm Form               Tmut/Air       25%        N/A       69%         7
 Metabolic Englaciation   Hex/Ice        11%        N/A       71%         5
 Anguish                  Hex/Necr       5%         N/A       82%         4
 Dispel Undead            Necr           11%        3d9       82%         4
 Summon Forest            Summ/Tloc      5%         N/A       99%         5
 Summon Mana Viper        Hex/Summ       11%        N/A       99%         5
 Simulacrum               Ice/Necr       11%        N/A       99%         6
 Death Channel            Necr           5%         N/A       100%        6
 Summon Cactus Giant      Summ           5%         N/A       100%        6
 Enfeeble                 Hex            5%         N/A       100%        7
 Monstrous Menagerie      Summ           5%         N/A       100%        7
 Ozocubu's Refrigeration  Ice            16%        4d8       100%        7
 Summon Hydra             Summ           5%         N/A       100%        7
 Discord                  Hex            5%         N/A       100%        8
 Disjunction              Tloc           5%         N/A       100%        8
 Ignition                 Fire           22%        3d8       100%        8
 Maxwell's Capacitive Co  Air            25%        ∞         100%        8


Dungeon Overview and Level Annotations

Branches:
Dungeon (15/15)            Temple (1/1) D:4            Lair (6/6) D:9
 Shoals (0/4) Lair:2       Spider (4/4) Lair:2        Slime (0/5) Lair:5
    Orc (2/2) D:12            Elf (0/3) Orc:2        Vaults (1/5) D:14
 Depths (0/4) D:15         Bailey (visited)

Altars:
Ashenzari
Cheibriados
Dithmenos
Elyvilon
Gozag
Hepliaklqana
Kikubaaqudgha
Makhleb
Ru
Sif Muna
Trog
Uskayaw
Vehumet
Yredelemnul
The Shining One
Beogh
Lugonu

Shops:
D:13 !   Orc:1 [   Orc:2 (:*[

Annotations:
Lair:3 2 transporters, chrisa4242's ghost, adept HOAr
Lair:5 exclusion: 3 oklob plants


Innate Abilities, Weirdness & Mutations

You have a beak for a mouth.
You have claws for feet.
Your magical nature lets you fly swiftly and evasively.


Message History

An ironbound thunderhulk comes into view.
It is wielding a +0 dire flail.
Electricity crackles from the ironbound thunderhulk's apparatus.
The bolt of lightning hits you!!!
* * * LOW HITPOINT WARNING * * *
An ironbound preserver and a vault warden come into view.
Unknown command.
Blink to where?
Press: ? - help, Dir - move target, p - lindwurm
As you read the scroll of blinking, it crumbles to dust.
The lindwurm is engulfed in noxious fumes. x2
The lindwurm appears confused.
The ironbound preserver gestures wildly while chanting.
The ironbound preserver begins to accept its allies' injuries.
You fade into invisibility!
The ettin is engulfed in noxious fumes.
The ironbound convoker is engulfed in noxious fumes.
The ironbound convoker appears confused.
The ironbound convoker hits the ironbound convoker with a +0 great mace.
The ironbound convoker shouts!
Unknown command.
Okay, then.
You feel better.
Your surroundings suddenly seem different.
Unknown command.
You reach down and open the door.
You hear two shouts!
You hear a shout!
A wizard comes into view. It is wielding a +0 dagger.
There is an open door here.
A vault guard comes into view. It is wielding a +0 great mace.
The vault guard shouts!
A vault guard comes into view. It is wielding a +0 battleaxe.
As you read the scroll of teleportation, it crumbles to dust.
You feel strangely unstable.
A centaur warrior comes into view.
A vault guard comes into view. It is wielding a +2 long sword.
Okay, then.
Unknown command.
The ironbound frostheart calls freezing cold from the walls.
The frost grips you!! You partially resist.
You die...

#####+###### * +
...........# * ,
..kp.......# * * *
.k..p......# ,
Ok.pp.p....# ,
...C.......# * ,
..#######..############+
..#,,, #.p#.......pp...
* ..#,,,,
#..p....@#.#... * , ..#,
,,,#..#.....#{ ,, ,, +
#..#...### * , ,
#..#....p , * * *
####.##### *, ,,, , #..
*,* , , #.# * ** , *, ,
.., , , ,, ,,, * , *


You could see a vault warden, 2 vault guards and an ironbound frostheart.

Vanquished Creatures
  5 emperor scorpions
  4 ghost moths
  An orc warlord (Orc:1)
  A caustic shrike zombie (D:15)
  2 ironbound preservers (Vaults:1)
  7 broodmothers
  An ironbound thunderhulk (Vaults:1)
  3 entropy weavers
  A spark wasp (shapeshifter) (D:14)
  4 spark wasps
  An ettin (Orc:2)
  Erolcha (Orc:2)
  4 jorogumos
  5 hydras
  A catoblepas (D:13)
  7 centaur warriors
  7 boulder beetles
  4 ogre magi (Orc:2)
  2 ironbound frosthearts (Vaults:1)
  3 radroaches
  Erica (D:10)
  14 two-headed ogres
  2 tengu warriors
  3 death yaks (Lair:6)
  Urug (Lair:5)
  2 orc high priests
  Nergalle (Lair:3)
  A fire crab (shapeshifter) (Spider:1)
  Lodul (D:10)
  2 skeletal warriors (D:15)
  A sun moth (Spider:4)
  13 steelbarb worms
  8 pharaoh ants
  A flayed ghost (D:15)
  6 deep trolls (Vaults:1)
  2 lindwurms
  8 orb spiders
  3 deep elf zephyrmancers (D:12)
  A necromancer (D:15)
  A shadow dragon zombie (D:15)
  A sphinx zombie (D:15)
  12 wolf spiders
  11 deep elf pyromancers
  3 orc knights
  6 ugly things (D:15)
  5 cyclopes
  4 manticores
  2 moths of wrath
  5 orc sorcerers
  4 black mambas
  A vault sentinel (Vaults:1)
  15 elephants
  An unseen horror (D:10)
  3 torpor snails
  4 orange demons (D:13)
  23 cane toads
  An efreet (D:13)
  9 demonic crawlers
  4 rime drakes
  6 kobold demonologists
  13 komodo dragons
  A tengu conjurer (D:15)
  A freezing wraith (D:14)
  6 trolls
  6 meliai
  3 polar bears
  A tyrant leech (shapeshifter) (D:14)
  27 tarantellas
  A wind drake (Lair:2)
  2 hornets
  3 tyrant leeches (Lair:6)
  A polar bear (shapeshifter) (D:14)
  13 slime creatures
  21 blink frogs
  25 jumping spiders
  2 wyverns
  22 culicivoras
  A vampire (D:13)
  A culicivora (shapeshifter) (D:14)
  An ettin skeleton (D:15)
  A water elemental (D:14)
  37 yaks
  A basilisk (Lair:3)
  33 redbacks
  A steam dragon (D:7)
  14 vampire mosquitoes
  Menkaure (D:7)
  An acid dragon (D:11)
  5 wargs
  8 water moccasins
  A sky beast (D:6)
  3 ice beasts
  30 orc warriors
  3 black bears
  26 wolves
  3 boggarts (Vaults:1)
  32 ogres
  14 centaurs
  3 phantoms
  10 kobold brigands
  19 bullfrogs
  2 gnoll sergeants
  8 scorpions
  A necrophage (D:8)
  13 wights
  46 killer bees
  4 howler monkeys
  6 electric eels
  36 orc priests
  2 gnoll shamans
  5 hounds
  2 iguanas
  27 orc wizards
  A human simulacrum (D:11)
  7 adders
  10 gnolls
  A shadow imp (D:7)
  2 white imps (D:5)
  4 worms
  4 dart slugs
  113 orcs
  6 bats
  10 endoplasms
  5 giant cockroaches
  4 hobgoblins
  4 jackals (D:5)
  18 kobolds
  5 quokkas
  7 ball pythons
  3 frilled lizards
  9 goblins
  5 rats
1023 creatures vanquished.

Vanquished Creatures (collateral kills)
  A vampire mosquito (D:12)
  A bullfrog (D:8)
  2 gnolls (D:2)
4 creatures vanquished.

Vanquished Creatures (others)
  An acid dragon (D:12)
  An orc warrior (Bailey)
  A human simulacrum (D:11)
  51 fungi
  121 plants
  14 withered plants (D:15)
189 creatures vanquished.

Grand Total: 1216 creatures vanquished

Notes
Turn   | Place    | Note
-------+----------+-------------------------------------------
     0 | D:1      | Shayle the Tengu Brigand began the quest for the Orb.
     0 | D:1      | Reached XP level 1. HP: 12/12 MP: 2/2
   128 | D:1      | Reached XP level 2. HP: 17/17 MP: 3/3
  1062 | D:1      | Found a faded altar of an unknown god.
  1245 | D:2      | Reached skill level 1 in Spellcasting
  1245 | D:2      | Reached XP level 3. HP: 16/22 MP: 5/5
  1862 | D:2      | Reached XP level 4. HP: 27/27 MP: 5/7
  1951 | D:3      | Found a radiant altar of Vehumet.
  2211 | D:3      | Reached skill level 3 in Fighting
  2211 | D:3      | Gained mutation: Your magical nature lets you fly swiftly
                  | and evasively. [Tengu growth]
  2211 | D:3      | Reached XP level 5. HP: 24/32 MP: 8/8
  2767 | D:3      | You are sucked into a shaft and drop 3 floors!
  2789 | D:6      | Noticed a water moccasin
  3079 | D:6      | Noticed an ice beast
  3100 | D:6      | Killed an ice beast
  3101 | D:6      | Reached skill level 5 in Stealth
  3101 | D:6      | Reached XP level 6. HP: 21/37 MP: 10/10
  3546 | D:6      | Noticed a sky beast
  3646 | D:5      | Entered Level 5 of the Dungeon
  3664 | D:6      | Learned a level 3 spell: Mephitic Cloud
  3873 | D:5      | Found a shadowy altar of Dithmenos.
  3994 | D:3      | Reached XP level 7. HP: 42/42 MP: 12/12
  4244 | D:3      | Found a hazy altar of Hepliaklqana.
  4438 | D:4      | Reached skill level 4 in Fighting
  4438 | D:4      | Reached skill level 1 in Conjurations
  4438 | D:4      | Reached skill level 1 in Air Magic
  4453 | D:4      | Reached skill level 1 in Poison Magic
  4621 | D:4      | Found a glowing golden altar of the Shining One.
  4866 | D:4      | Reached XP level 8. HP: 40/48 MP: 12/14
  5362 | D:4      | Found a staircase to the Ecumenical Temple.
  5372 | Temple   | Entered the Ecumenical Temple
  5388 | Temple   | Became a worshipper of Ashenzari the Shackled
  5996 | D:5      | Found an ancient bone altar of Kikubaaqudgha.
  5996 | D:5      | Found a bloodstained altar of Trog.
  6195 | D:5      | Reached skill level 1 in Shields
  6445 | D:6      | Reached skill level 5 in Dodging
  6599 | D:6      | Reached skill level 5 in Fighting
  6758 | D:6      | Found an opulent altar of Gozag.
  6889 | D:6      | Reached XP level 9. HP: 44/54 MP: 16/16
  7567 | D:6      | Found a shimmering blue altar of Sif Muna.
  8058 | D:7      | Noticed Menkaure
  8248 | D:7      | Noticed a hornet
  8398 | D:7      | Killed Menkaure
  8486 | D:7      | Killed a hornet
  8487 | D:7      | Reached skill level 5 in Conjurations
  8498 | D:7      | Reached skill level 5 in Air Magic
  8546 | D:7      | Found a snail-covered altar of Cheibriados.
  9254 | D:8      | Reached skill level 5 in Spellcasting
  9264 | D:9      | Reached XP level 10. HP: 24/60 MP: 18/18
  9305 | D:8      | Reached skill level 6 in Fighting
  9446 | D:8      | Found a flagged portal.
  9502 | Bailey   | Entered a bailey
  9836 | Bailey   | Noticed an orc knight
  9852 | Bailey   | Killed an orc knight
  9902 | Bailey   | Found a large runed translucent door.
  9902 | Bailey   | Found a large runed translucent door.
  9922 | Bailey   | Noticed a deep elf pyromancer
 10018 | Bailey   | Killed a deep elf pyromancer
 10019 | Bailey   | Reached skill level 5 in Poison Magic
 10043 | Bailey   | Identified the +5 fire dragon scales of Conscience {rElec
                  | rF++ rC- rN+ Int-4 Dex+7}
 10054 | Bailey   | Got Kam Gafi's Disquisition on Ensnaring Orientation
 10394 | D:8      | Identified a scroll of acquirement
 10394 | D:8      | Acquired Sif Muna's Papyrus of Flamy Cold
 10400 | D:8      | Learned a level 3 spell: Stone Arrow
 10403 | D:8      | Learned a level 2 spell: Scorch
 10803 | D:8      | Reached skill level 1 in Fire Magic
 11290 | D:9      | Found a hide-covered altar of Uskayaw.
 11336 | D:9      | Reached XP level 11. HP: 66/66 MP: 20/20
 11504 | D:9      | Learned a level 3 spell: Ignite Poison
 11690 | D:9      | Found a staircase to the Lair.
 11699 | D:9      | Reached skill level 7 in Fighting
 11854 | D:9      | Identified the +3 short sword of Lastuani {flame, Fly
                  | Dex+4}
 12024 | D:9      | Identified the +1 scale mail of Roerch {rElec Will+ Slay+4}
 12101 | D:10     | Entered Level 10 of the Dungeon
 12404 | D:10     | Noticed Erica
 12410 | D:10     | Killed Erica
 12485 | D:10     | Noticed Lodul
 12495 | D:10     | Killed Lodul
 12719 | D:10     | Noticed a centaur warrior
 12730 | D:10     | Killed a centaur warrior
 12861 | D:10     | Found a sacrificial altar of Ru.
 12981 | D:10     | Learned a level 4 spell: Olgreb's Toxic Radiance
 13673 | D:10     | Upgraded the game from 0.29-a0-617-g7a6b98fccd to
                  | 0.29-a0-648-g6b26cc9f40
 13706 | Lair:1   | Entered Level 1 of the Lair of Beasts
 13995 | Lair:1   | Identified the +3 hand axe of the Spider Nest {drain, Drain
                  | rN+ Dex+3}
 14029 | Lair:1   | Reached XP level 12. HP: 74/74 MP: 7/23
 14291 | D:9      | Reached skill level 1 in Earth Magic
 14569 | Lair:1   | Reached skill level 8 in Fighting
 15201 | Lair:1   | Reached skill level 5 in Fire Magic
 15206 | Lair:1   | Acquired a +4 quick blade
 15540 | Lair:2   | Noticed a seven-headed hydra
 15561 | Lair:2   | Killed a three-headed hydra
 16220 | Lair:2   | Found a hole to the Spider Nest.
 16328 | Lair:2   | Reached * piety under Ashenzari
 16614 | Lair:2   | Found a staircase to the Shoals.
 16639 | Lair:2   | Reached skill level 10 in Conjurations
 16767 | Lair:2   | Reached skill level 10 in Air Magic
 17423 | Lair:3   | Reached XP level 13. HP: 77/82 MP: 12/27
 18067 | Lair:3   | Noticed chrisa4242's ghost (adept HOAr)
 18147 | Lair:3   | Found a transporter.
 18152 | Lair:3   | Found a transporter.
 18180 | Lair:3   | Noticed Nergalle
 18191 | Lair:3   | Killed Nergalle
 18620 | Lair:4   | Reached skill level 9 in Fighting
 20138 | Lair:5   | Found a staircase to the Slime Pits.
 20246 | Lair:5   | Noticed Urug
 20255 | Lair:5   | Killed Urug
 20678 | Lair:5   | Reached skill level 10 in Dodging
 21431 | Lair:5   | Reached skill level 1 in Armour
 22193 | Lair:6   | Entered Level 6 of the Lair of Beasts
 22770 | Lair:5   | Reached skill level 10 in Fighting
 22770 | Lair:5   | Reached XP level 14. HP: 72/90 MP: 12/29
 23649 | Lair:6   | Reached skill level 5 in Earth Magic
 24613 | Lair:6   | Reached skill level 5 in Armour
 26448 | D:11     | Identified the +6 war axe of Disintegration {elec, Int+3}
 27829 | D:12     | Reached skill level 11 in Fighting
 27833 | D:12     | Reached skill level 10 in Spellcasting
 28760 | D:12     | Found a staircase to the Orcish Mines.
 29141 | D:13     | Reached XP level 15. HP: 97/97 MP: 15/31
 29279 | D:13     | Learned a level 5 spell: Freezing Cloud
 29670 | D:13     | Found Puweurch's Distillery.
 29699 | D:13     | Reached skill level 1 in Ice Magic
 30202 | D:13     | Bought a potion of lignification for 48 gold pieces
 30202 | D:13     | Bought a potion of mutation for 128 gold pieces
 31387 | D:14     | Reached ** piety under Ashenzari
 32007 | D:14     | Noticed a fire giant
 32009 | D:14     | Noticed a sphinx
 32009 | D:14     | a fire giant changed into a sphinx
 32010 | D:14     | a sphinx changed into an eleionoma
 32145 | D:14     | Found a gate to the Vaults.
 32264 | Orc:1    | Entered Level 1 of the Orcish Mines
 33612 | Orc:2    | Entered Level 2 of the Orcish Mines
 33736 | Orc:2    | Noticed Erolcha
 33740 | Orc:2    | Killed Erolcha
 34034 | Orc:2    | Found a staircase to the Elven Halls.
 34351 | Orc:1    | Noticed an orc warlord
 34835 | Orc:2    | Reached skill level 12 in Fighting
 35469 | Orc:2    | Reached XP level 16. HP: 106/106 MP: 12/33
 35719 | Orc:2    | Found Xigunkum's Weapon Shop.
 35719 | Orc:2    | Found Qockerus's Book Shoppe.
 35720 | Orc:2    | Found Ixokk's General Store.
 35720 | Orc:2    | Found Heeshrargh's Armour Boutique.
 36669 | Orc:1    | Found Qaulog's Armour Shoppe.
 36685 | Orc:1    | Bought a +4 ring mail of fire resistance for 496 gold
                  | pieces
 37291 | D:14     | Found an opulent altar of Gozag.
 37785 | D:15     | Entered Level 15 of the Dungeon
 38044 | D:15     | Reached skill level 1 in Transmutations
 38251 | D:15     | Reached skill level 5 in Ice Magic
 38816 | D:15     | Found a staircase to the Depths.
 40240 | Spider:1 | Entered Level 1 of the Spider Nest
 41507 | Spider:1 | Reached skill level 5 in Transmutations
 41881 | Spider:1 | Upgraded the game from 0.29-a0-648-g6b26cc9f40 to
                  | 0.29-a0-653-gd47aff6735
 43791 | Spider:2 | Reached XP level 17. HP: 112/112 MP: 23/35
 45554 | Spider:3 | Learned a level 6 spell: Eringya's Noxious Bog
 46469 | Spider:3 | Identified the +0 plate armour of the Undertaker {rN+ Dex+7
                  | Slay-3 SInv}
 47169 | Spider:4 | Entered Level 4 of the Spider Nest
 47932 | Spider:4 | Reached skill level 10 in Poison Magic
 49574 | Spider:4 | Reached skill level 10 in Transmutations
 51587 | Spider:4 | Identified the +1 pair of gloves "Vaantiuj" {rC+ rN+ Will+}
 51837 | Spider:4 | Identified the +1 pair of gloves "Mymammes" {+Blink rCorr
                  | Str+3}
 51851 | Spider:4 | Got a gossamer rune of Zot
 51947 | Spider:4 | Reached XP level 18. HP: 75/117 MP: 2/36
 52708 | Vaults:1 | Entered Level 1 of the Vaults
 53222 | Vaults:1 | Killed from afar by an ironbound frostheart

Illustrated notes

Levels and vault maps discovered:
D:1:      dpeg_arrival_tiny_a, layout_basic, serial_bayou,
          serial_bayou_crossing, serial_bayou_shore_b, serial_bayou_shore_a,
          serial_bayou_pond_a, chequers_ecumenical_altar_lobes
D:2:      layout_basic
D:3:      layout_basic, nzn_hepliaklqana_mist_gate, mainiacjoe_overflow_catwalk,
          minivault_23
D:4:      layout_rooms, mainiacjoe_overflow_brackets, temple_hall,
          guppyfry_early_lair_pool
D:5:      layout_basic, grunt_dithmenos_smoke_and_mirrors,
          gammafunk_temple_overflow_elements, minmay_fractal_squares_diagonal_5
D:6:      layout_layer_cave, led_sif_pool, amcnicky_altar_gilded,
          minmay_misc_feat_nine_boxes
D:7:      layout_cave_pools, cheibriados_altar_1, minmay_bent, uniq_menkaure
D:8:      layout_basic, enter_bailey_3
D:9:      layout_rooms, nicolae_uskayaw_murder_on_the_dancefloor,
          dpeg_oklobed_lair, nicolae_figureground_sparkle
D:10:     layout_rooms, kennysheep_mini, grunt_decor_one_mirror, uniq_erica,
          uniq_lodul
D:11:     layout_rooms, bh_circular_ruins
D:12:     layout_basic, orc_0_dummy, minmay_misc_feat_more_columns,
          kennysheep_donut, elves_outpost_lemuel
D:13:     layout_layer_cave, serial_shops,
          nicolae_shop_temple_entry_statues_fountains,
          einodemon_barbed_minivault
D:14:     layout_basic, david_vaults_2, grunt_gozag_statues
D:15:     gammafunk_depths_entry_grave, layout_layer_cave, minmay_misc_feat_room
Temple:   kb_corrupted_temple
Lair:1:   layout_gridlike
Lair:2:   layout_cave_pods, minmay_shoals_entry_beasts,
          hellmonk_spider_entry_life_and_decay
Lair:3:   layout_loops_ring, gammafunk_ghost_arena, st_stairs_6,
          infiniplex_staircase_pool_2, uniq_nergalle
Lair:4:   layout_long_grid
Lair:5:   wad_woods_minihive, layout_gridlike,
          minmay_slime_entry_oklob_enclosed, serial_rivers,
          chequers_serial_rivers_micro_d, chequers_serial_rivers_room_b,
          chequers_serial_rivers_micro_a, chequers_serial_rivers_micro_e,
          uniq_urug
Lair:6:   minmay_lair_end_frog_pond, layout_regular_city
Spider:1: layout_spider_delve, hellmonk_deceptive_appearances
Spider:2: layout_cave_pods
Spider:3: layout_spider_delve
Spider:4: hellmonk_spider_rune_endless_swarm
Orc:1:    layout_caves, serial_shops, nicolae_shop_trees, nicolae_orc_rockfall,
          minmay_orc_temple_a
Orc:2:    st_orc_ogre_mass, layout_caves, minmay_orc_temple_c, uniq_erolcha
Vaults:1: nicolae_vaults_stairing_the_circle, nicolae_vaults_shelves_hall,
          ontoclasm_vaults_hangar, vaults_dpeg_cross, v_alt_pattern_6, v_misc_9,
          v_misc_24, v_rooms_2, nicolae_vaults_little_squares_2,
          vaults_dpeg_ring, nicolae_vaults_network_star, v_misc_9,
          nicolae_vaults_gold_heap, nicolae_vaults_shelves_hall,
          ontoclasm_vaults_idyll, v_misc_23, st_cross, vaults_dpeg_diagonal,
          layout_vaults_maze_bifur

Skill      XL: |  1  2  3  4  5  6  7  8  9 10 11 12 13 14 15 16 17 18 |
---------------+-------------------------------------------------------+-----
Spellcasting   | 1 2 3 4 5 6 7 9 10 11 | 11.2
Dodging        | 2 3 4 5 6 7 8 9 10 | 10.0
Fighting       | 3 4 5 6 7 8 10 11 12 | 12.6
Stealth        | 5 6 |  6.0
Conjurations   | 2 4 5 7 8 10 | 10.6
Air Magic      | 2 4 5 7 8 10 | 10.5
Poison Magic   | 1 3 4 5 6 7 8 11 | 11.5
Shields        | 2 3 4 |  4.4
Fire Magic     | 1 4 6 7 8 |  8.5
Earth Magic    | 2 4 6 7 |  7.7
Armour         | 3 6 8 9 |  9.3
Ice Magic      | 4 5 |  5.4
Transmutations | 7 10 | 10.7
Short Blades   | |  2.1
Throwing       | |  2.0

Action                   |  1- 3 |  4- 6 |  7- 9 | 10-12 | 13-15 | 16-18 || total
-------------------------+-------+-------+-------+-------+-------+-------++-------
Melee: Dagger            |    62 |    36 |       |       |       |       ||    98
       Kick              |    17 |    23 |   107 |   128 |    97 |   134 ||   506
       Peck              |     8 |    11 |    65 |    74 |    61 |    86 ||   305
       Whip              |       |    77 |   373 |   211 |       |       ||   661
       Punch             |       |       |     3 |       |       |       ||     3
       Short sword       |       |       |       |   123 |   109 |       ||   232
       Scimitar          |       |       |       |     5 |   123 |     5 ||   133
       Quick blade       |       |       |       |       |    19 |   264 ||   283
Throw: Dart              |     2 |       |     4 |    34 |       |       ||    40
 Cast: Mephitic Cloud    |       |       |       |    55 |   110 |    63 ||   228
       Ignite Poison     |       |       |       |    40 |   180 |   193 ||   413
       Olgreb's Toxic Ra |       |       |       |    31 |   178 |   139 ||   348
       Stone Arrow       |       |       |       |    27 |   165 |   172 ||   364
       Scorch            |       |       |       |       |     5 |       ||     5
       Freezing Cloud    |       |       |       |       |    15 |    95 ||   110
       Eringya's Noxious |       |       |       |       |       |     3 ||     3
Invok: Curse Item        |       |       |       |     2 |     1 |       ||     3
Evoke: Wand              |       |       |    21 |    10 |     4 |    29 ||    64
  Use: Scroll            |     6 |     6 |     6 |    13 |     3 |     9 ||    43
       Potion            |       |     3 |     2 |     1 |     2 |     9 ||    17
 Stab: Sleeping          |    11 |     2 |     7 |     3 |     1 |       ||    24
       Confused          |       |       |       |     8 |     5 |     8 ||    21
       Distracted        |       |       |       |     2 |     1 |       ||     3
Armor: Robe              |    17 |       |       |       |       |       ||    17
       Ring mail         |       |    55 |   172 |       |   113 |   178 ||   518
       Steam dragon scal |       |       |    10 |   118 |    17 |       ||   145
Dodge: Dodged            |    26 |    86 |   265 |   384 |   438 |   338 ||  1537
Block: Buckler           |       |       |    52 |   115 |   152 |    88 ||   407

Table legend: (Time is in decaauts)
 A = Elapsed time spent in this place.
 B = Non-inter-level travel time spent in this place.
 C = Inter-level travel time spent in this place.
 D = Time resting spent in this place.
 E = Time spent auto-exploring this place.
 F = Levels seen in this place.
 G = Mean time per level.
                   A        B        C        D        E       F      G
               +--------+--------+--------+--------+--------+-----+--------+
         Total |  51220 |  47631 |   3589 |  22486 |  14663 |  30 | 1707.3 |
       Dungeon |  23226 |  21456 |   1770 |   8172 |   8225 |  15 | 1548.4 |
        Temple |     27 |     15 |     12 |      0 |      6 |   1 |   27.0 |
          Lair |  12089 |  11434 |    655 |   5882 |   3610 |   6 | 2014.8 |
   Spider Nest |  11259 |  10227 |   1032 |   6412 |   2046 |   4 | 2814.8 |
  Orcish Mines |   3744 |   3626 |    118 |   1820 |    630 |   2 | 1872.0 |
        Vaults |    265 |    265 |      0 |     60 |     88 |   1 |  265.0 |
        Bailey |    608 |    608 |      0 |    138 |     55 |   1 |  608.0 |
               +--------+--------+--------+--------+--------+-----+--------+

Top non-repeatable levels by time:
Spider:3: 4926 daAuts
  Lair:5: 3346 daAuts
    D:12: 3139 daAuts
     D:6: 2851 daAuts
Spider:4: 2511 daAuts
  Lair:2: 2205 daAuts
   Orc:2: 2133 daAuts
  Lair:6: 2129 daAuts
Spider:2: 2059 daAuts
    D:15: 1952 daAuts
    D:13: 1952 daAuts
    D:14: 1860 daAuts
Spider:1: 1762 daAuts
  Lair:1: 1645 daAuts
     D:8: 1643 daAuts
